 Dungeon Crawl Stone Soup version 0.26.1-11-gd32895ea62 (webtiles) character file.

Game seed: 5985985341124124603

24133 metroholografix the Cleaver (level 13, -2/86 HPs)
             Began as a Gargoyle Berserker on May 9, 2021.
             Was a Priest of Trog.
             Hit by a javelin thrown by a minotaur (4 damage)
             ... in a Gauntlet.
             The game lasted 01:14:44 (21359 turns).

metroholografix the Cleaver (Gargoyle Berserker)   Turns: 21359, Time: 01:14:45

Health: -2/86      AC: 26    Str: 31    XL:     13   Next: 11%
Magic:  13/13      EV:  4    Int: 10    God:    Trog [***...]
Gold:   1352       SH: 20    Dex: 16    Spells: 12/12 levels left

rFire    . . .     SeeInvis .   o - +0 war axe
rCold    . . .     Faith    .   B - +0 tower shield
rNeg     + . .     Spirit   .   s - +0 plate armour
rPois    ∞         Reflect  +   J - +0 helmet of Courage {Int+2}
rElec    +         Harm     .   G - scarf {+Inv}
rCorr    .         Rampage  .   (no gloves)
Will     .....     NoTele   +   (no boots)
Stlth    ..........             u - amulet of reflection
HPRegen  0.24/turn              z - +6 ring of dexterity
MPRegen  0.13/turn              x - +6 ring of strength

@: berserk cooldown, hasted and slowed
A: negative energy resistance 1, electricity resistance, unbreathing,
petrification resistance, miasma immunity, AC +9
a: Renounce Religion, Evoke Invisibility, Berserk, Trog's Hand


You were in a Gauntlet.
You worshipped Trog.
Trog was most pleased with you.
You visited 2 branches of the dungeon, and saw 14 of its levels.
You also visited: Bailey and Gauntlet.

You collected 1562 gold pieces.
You spent 210 gold pieces at shops.

Inventory:

Hand Weapons
 g - a +0 broad axe
 o - a +0 war axe (weapon)
Armour
 s - a +0 plate armour (worn)
 B - a +0 tower shield (worn)
 G - a scarf of invisibility (worn)
 J - the +0 helmet of Courage (worn) {Int+2}
   (You found it in a Gauntlet)

   It affects your intelligence (+2).
Jewellery
 u - an amulet of reflection (around neck)
 x - a +6 ring of strength (right hand)
 z - a +6 ring of dexterity (left hand)
Wands
 i - a wand of digging (4)
 n - a wand of enslavement (5)
 w - a wand of polymorph (9)
 E - a wand of flame (15)
 F - a wand of paralysis (8)
 I - a wand of disintegration (16)
Scrolls
 e - 2 scrolls of immolation {unknown}
 f - 5 scrolls of remove curse
 h - 2 scrolls of magic mapping
 j - 6 scrolls of teleportation
 m - 2 scrolls of blinking {unknown}
 p - 4 scrolls of enchant weapon
 v - 2 scrolls of fog {unknown}
 y - 2 scrolls of random uselessness {unknown}
 D - a scroll of enchant armour {unknown}
 H - 2 scrolls of fear {unknown}
Potions
 a - 4 potions of haste
 b - 2 potions of curing
 c - a potion of cancellation
 d - 3 potions of attraction {unknown}
 k - 2 potions of might {unknown}
 l - 2 potions of lignification {unknown}
 q - 3 potions of heal wounds {unknown}
 A - 2 potions of invisibility {unknown}
 C - 6 potions of ambrosia {unknown}
Miscellaneous
 r - a box of beasts
 t - a phial of floods


   Skills:
 + Level 12.2 Fighting
 * Level 13.8 Axes
 + Level 12.0 Armour
 - Level 1.5 Dodging
 + Level 2.1 Shields


You had 12 spell levels left.
You didn't know any spells.
Your spell library was empty.

Dungeon Overview and Level Annotations

Branches:
Dungeon (13/15)            Temple (0/1) D:4            Lair (1/6) D:8
    Orc (0/2) D:12         Bailey (visited)         Gauntlet (1/1)
 Vaults: D:13-14

Altars:
Dithmenos
Gozag

Shops:
D:5 (   D:8 *

Annotations:
Gauntlet 8 transporters, 2 runed translucent doors


Innate Abilities, Weirdness & Mutations

You are resistant to torment.
Your stone body is resilient. (AC +9)
You are immune to poison.
You resist negative energy. (rN+)
You are resistant to electric shocks. (rElec)
You can survive without breathing.
You are immune to petrification.
You are immune to miasma.


Message History

You hit the minotaur but do no damage.
The minotaur is severely wounded.
You block the minotaur's attack.
The minotaur gores you but does no damage.
Okay, then.
You feel better. You block the minotaur's attack.
The minotaur gores you but does no damage.
The minotaur hits you but does no damage.
You block the minotaur's attack.
You feel yourself speed up. You block the minotaur's attack.
The minotaur gores you but does no damage.
You feel better.
The minotaur hits you with the +10 broad axe "Ynuso" {drain, rC++}!!
* * * LOW HITPOINT WARNING * * *
The minotaur gores you!
* * * LOW HITPOINT WARNING * * *
The minotaur throws a javelin.
The javelin pierces through you but does no damage.
The minotaur throws a javelin.
The javelin pierces through you.
You die...

≈∩≈ ... ##.### ....
#######H####### #...((.(......#
#.###.###.###.# #.###.###.###.#
#...@.........# ###.###.###.###
###.###.###.### #.(...........#
##...©.©.©...##
###############..8.8.8..#########
#≈#≈#≈#≈#≈#≈####.......####≈#§#§#
.............#≈#########≈#.....§§
......8........§................8


You could see a minotaur.

Vanquished Creatures
  Gastronok (D:11)
  A reaper (Gauntlet)
  Erolcha (D:11)
  3 two-headed ogres
  The ghost of Daunt the Fighter, a novice HuWn of Cheibriados (D:5)
  A fire crab (Gauntlet)
  An unseen horror (D:10)
  An orc knight (Bailey)
  An ugly thing (D:12)
  A centaur zombie (D:13)
  A black mamba (Lair:1)
  A komodo dragon (D:8)
  A hellwing (Gauntlet)
  4 trolls
  A queen bee (D:10)
  4 slime creatures (D:13)
  24 yaks
  A basilisk (Lair:1)
  A wyvern (D:8)
  Eustachio (D:3)
  2 fire bats (Gauntlet)
  2 vampire mosquitoes
  2 wargs (D:12)
  3 hell hounds (Gauntlet)
  2 water moccasins
  2 acid dragons
  10 orc warriors
  2 ice beasts
  5 sky beasts
  A hornet zombie (D:11)
  An eye of draining (D:9)
  4 phantoms
  9 centaurs
  An ogre (D:4)
  6 black bears
  A necrophage (D:12)
  Blork the orc (D:5)
  11 bullfrogs
  30 killer bees
  9 wights
  A howler monkey (D:11)
  2 quasits
  A bullfrog zombie (D:5)
  6 hounds
  7 orc priests
  Crazy Yiuf (D:6)
  7 jellies
  5 bullfrog skeletons
  3 centaur skeletons
  Jessica (D:2)
  3 iguanas
  9 worker ants
  Ijyb (D:5)
  Terence (D:2)
  12 orc wizards
  A hound zombie (D:5)
  A hound skeleton (D:11)
  A worker ant zombie (D:8)
  7 gnolls
  11 adders
  3 shadow imps
  4 white imps
  An ufetubus (D:8)
  3 oozes (D:5)
  A worm (D:2)
  A dart slug (D:1)
  3 leopard geckos
  34 orcs
  12 giant cockroaches
  10 goblins
  10 hobgoblins
  6 jackals
  22 kobolds
  4 quokkas
  A ball python zombie (D:5)
  10 bats
  4 frilled lizards
  A leopard gecko skeleton (D:8)
  7 rats
373 creatures vanquished.

Vanquished Creatures (collateral kills)
  A fire bat (Gauntlet)
1 creature vanquished.

Vanquished Creatures (others)
  A jackal (D:6)
  7 fungi
  15 plants
23 creatures vanquished.

Grand Total: 397 creatures vanquished

Notes
Turn   | Place    | Note
-------+----------+-------------------------------------------
     0 | D:1      | metroholografix the Gargoyle Berserker began the quest for
                  | the Orb.
     0 | D:1      | Reached XP level 1. HP: 14/14 MP: 1/1
   200 | D:1      | Reached XP level 2. HP: 15/19 MP: 2/2
   411 | D:1      | Reached skill level 3 in Axes
  1304 | D:2      | Reached XP level 3. HP: 23/24 MP: 3/3
  1356 | D:2      | Noticed Terence
  1372 | D:2      | Killed Terence
  1444 | D:2      | Reached XP level 4. HP: 29/29 MP: 4/4
  1451 | D:2      | Reached ** piety under Trog
  1578 | D:2      | Noticed Jessica
  1587 | D:2      | Killed Jessica
  3296 | D:4      | Reached XP level 5. HP: 33/34 MP: 5/5
  3406 | D:4      | Noticed an ogre
  3418 | D:4      | Killed an ogre
  3419 | D:4      | Reached skill level 4 in Axes
  3419 | D:4      | Reached XP level 6. HP: 32/39 MP: 6/6
  3573 | D:4      | Found a staircase to the Ecumenical Temple.
  3573 | D:4      | Noticed Eustachio
  3717 | D:3      | Killed Eustachio
  3718 | D:3      | Reached skill level 5 in Fighting
  4501 | D:5      | Entered Level 5 of the Dungeon
  4501 | D:5      | Found a transporter.
  4547 | D:5      | Noticed Daunt's ghost (novice HuWn)
  4584 | D:5      | Reached skill level 5 in Axes
  4585 | D:5      | Reached XP level 7. HP: 43/44 MP: 7/7
  4639 | D:5      | Found a transporter.
  4651 | D:5      | Noticed Ijyb
  4676 | D:5      | Killed Ijyb
  4976 | D:5      | Found Jaiddi's Weapon Boutique.
  5016 | D:5      | Reached skill level 5 in Armour
  5018 | D:5      | Noticed Blork the orc
  5030 | D:5      | Killed Blork the orc
  5105 | D:5      | Found a shadowy altar of Dithmenos.
  5218 | D:5      | Reached skill level 6 in Axes
  5431 | D:5      | Reached XP level 8. HP: 51/51 MP: 8/8
  5739 | D:5      | Killed Daunt's ghost
  5740 | D:5      | Reached skill level 7 in Axes
  6139 | D:6      | Reached XP level 9. HP: 55/57 MP: 9/9
  6427 | D:6      | Reached *** piety under Trog
  6460 | D:6      | Reached skill level 8 in Axes
  6700 | D:6      | Found a runed translucent door.
  6701 | D:6      | Noticed Crazy Yiuf
  6707 | D:6      | Killed Crazy Yiuf
  7276 | D:7      | Found a flagged portal.
  7301 | Bailey   | Entered a bailey
  7359 | Bailey   | Noticed an orc knight
  7369 | Bailey   | Killed an orc knight
  7370 | Bailey   | Reached skill level 9 in Axes
  7656 | Bailey   | Reached XP level 10. HP: 65/65 MP: 10/10
  7729 | Bailey   | Reached **** piety under Trog
  9284 | D:8      | HP: 2/65 [komodo dragon (9)]
  9604 | D:8      | Found Nodd's Assorted Antiques.
  9616 | D:8      | Bought a scroll of teleportation for 105 gold pieces
  9616 | D:8      | Bought a scroll of remove curse for 105 gold pieces
 10026 | D:8      | Reached skill level 10 in Axes
 10582 | D:8      | Found a staircase to the Lair.
 11760 | D:9      | Noticed a two-headed ogre
 11775 | D:9      | Killed a two-headed ogre
 11776 | D:9      | Reached XP level 11. HP: 72/72 MP: 11/11
 12302 | D:9      | Found an opulent altar of Gozag.
 12320 | D:9      | Reached skill level 11 in Axes
 12585 | D:10     | Entered Level 10 of the Dungeon
 12772 | D:10     | Killed an unseen horror
 12773 | D:10     | Reached skill level 10 in Fighting
 13368 | D:10     | Reached skill level 10 in Armour
 14233 | D:11     | Reached skill level 12 in Axes
 14400 | D:11     | Noticed Erolcha
 14420 | D:11     | Killed Erolcha
 14743 | D:11     | Noticed Gastronok
 15514 | D:11     | Noticed a two-headed ogre
 15527 | D:11     | Killed a two-headed ogre
 15528 | D:11     | Reached XP level 12. HP: 80/80 MP: 12/12
 15976 | D:11     | Killed Gastronok
 17067 | D:12     | Found a staircase to the Orcish Mines.
 17350 | D:12     | Noticed a two-headed ogre
 17364 | D:12     | Killed a two-headed ogre
 17365 | D:12     | Reached skill level 13 in Axes
 19528 | Lair:1   | Entered Level 1 of the Lair of Beasts
 19819 | Lair:1   | Found a gate leading to a gauntlet.
 19830 | Gauntlet | Entered a Gauntlet
 19830 | Gauntlet | Found a transporter.
 19937 | Gauntlet | Found a runed translucent door.
 19938 | Gauntlet | Found a transporter.
 19952 | Gauntlet | Found a runed translucent door.
 19955 | Gauntlet | Found a transporter.
 19959 | Gauntlet | Found a transporter.
 19978 | Gauntlet | Found a transporter.
 19983 | Gauntlet | Noticed a blizzard demon
 19993 | Gauntlet | Noticed a reaper
 19997 | Gauntlet | Found a transporter.
 20002 | Gauntlet | Found a transporter.
 20039 | Gauntlet | Noticed a green death
 20041 | Gauntlet | Found a transporter.
 20043 | Gauntlet | Found a transporter.
 20065 | Gauntlet | Found a transporter.
 20078 | Gauntlet | Found a transporter.
 20224 | Gauntlet | Found a transporter.
 20249 | Gauntlet | Reached skill level 1 in Shields
 20249 | Gauntlet | Reached XP level 13. HP: 72/86 MP: 13/13
 20382 | Gauntlet | Got a masterwork helmet
 20393 | Gauntlet | Identified the cursed +0 helmet of Courage {Int+2} (You
                  | found it in a Gauntlet)
 20931 | Gauntlet | Killed a reaper
 21331 | Gauntlet | Identified the +10 broad axe "Ynuso" {drain, rC++}
 21331 | Gauntlet | Noticed a minotaur
 21356 | Gauntlet | HP: 2/86 [minotaur/the +10 broad axe "Ynuso" {drain, rC++}
                  | (10)]
 21359 | Gauntlet | Hit by a javelin thrown by a minotaur

Illustrated notes

Levels and vault maps discovered:
D:1:      onia_arrival_pyramid, layout_basic
D:2:      layout_basic, kennysheep_jessica_study, uniq_terence
D:3:      layout_loops_ring
D:4:      layout_rooms, minmay_temple_entry_drinking_statues, uniq_eustachio
D:5:      minmay_clustersquares, layout_rooms, gammafunk_ghost_arena,
          serial_shops, shop_statue, nicolae_dithmenos_shadow_blocks,
          uniq_blork_the_orc, uniq_ijyb
D:6:      layout_cave_pools, uniq_crazy_yiuf_cottage
D:7:      layout_cave_pods, enter_bailey_3, minmay_misc_feat_hallway
D:8:      layout_basic, grunt_lair_entry_orc_guard_hut, serial_shops,
          nicolae_shop_overgrown_old_shop
D:9:      minmay_evil_eye, layout_loops_cross, lemuel_round_altar
D:10:     layout_roguey [special_room_bee]
D:11:     layout_irregular_city, serial_column_ruins, column_ruins_circle_large,
          column_ruins_open_large, column_ruins_grid_1,
          column_ruins_corridor_corner, column_ruins_open_tiny,
          column_ruins_open_small, column_ruins_columns_dead_end, uniq_erolcha,
          uniq_gastronok
D:12:     layout_roguey, erik_orc_4, serial_aquarium, aquarium_bridge_square
          [aquarium_subvault_bridge, aquarium_subvault_wall,
          aquarium_subvault_wall, aquarium_subvault_wall], aquarium_window_1,
          aquarium_window_corner, aquarium_view_4, aquarium_view_2a,
          aquarium_balcony_5b, minmay_misc_feat_rows
D:13:     minmay_distorted_concentric_squares, layout_cave_pods,
          grunt_ministairs_2
Lair:1:   layout_cave_pods, gauntlet_entry_generic
Gauntlet: minmay_gauntlet_mixed_oops_all_seconds
          [minmay_gauntlet_arena_77_cramped, gammafunk_gauntlet_arena_spirals,
          minmay_gauntlet_arena_77_checkered, nicolae_gauntlet_arena_grate_2,
          minmay_gauntlet_arena_77_chump_sandwich,
          gammafunk_gauntlet_arena_grid, gauntlet_exit_watery]

Skill      XL: |  1  2  3  4  5  6  7  8  9 10 11 12 13 |
---------------+----------------------------------------+-----
Axes           | 3 4 5 6 7 9 10 12 13 | 13.8
Fighting       | 4 5 7 8 9 11 12 | 12.2
Armour         | 3 4 5 6 8 9 10 11 12 | 12.0
Shields        | 1 2 |  2.1
Dodging        | |  1.5

Action                   |  1- 3 |  4- 6 |  7- 9 | 10-12 | 13-15 || total
-------------------------+-------+-------+-------+-------+-------++-------
Melee: Hand axe          |    81 |   157 |       |       |       ||   238
       War axe           |       |    13 |   259 |   882 |    55 ||  1209
Invok: Berserk           |     1 |     7 |     9 |    37 |     2 ||    56
       Trog's Hand       |       |     2 |     4 |    14 |     1 ||    21
       Brothers in Arms  |       |       |       |     2 |       ||     2
  Use: Scroll            |       |     7 |     1 |     7 |     1 ||    16
       Potion            |       |       |     2 |     1 |     3 ||     6
Armor: Animal skin       |    43 |       |       |       |       ||    43
       Scale mail        |     2 |   106 |   271 |       |       ||   379
       Skin              |     2 |       |       |       |       ||     2
       Plate armour      |       |       |     4 |   750 |    20 ||   774
Dodge: Dodged            |    71 |    91 |   225 |   340 |     1 ||   728
Block: Other             |       |       |     3 |   190 |       ||   193
       Reflection        |       |       |       |    15 |       ||    15
       Tower shield      |       |       |       |    18 |    51 ||    69
